 Dungeon Crawl Stone Soup version 0.23-a0-539-g3f6f39f (webtiles) character file.

83924 Firecrotchwizard the Fencer (level 15, 99/99 HPs)
             Began as a Tengu Berserker on Dec 5, 2018.
             Was the Champion of Trog.
             Quit the game in a Gauntlet on Dec 8, 2018.
             The game lasted 01:13:52 (31483 turns).

Firecrotchwizard the Fencer (Tengu Berserker)      Turns: 31483, Time: 01:13:53

Health: 99/99      AC: 22    Str: 21    XL:     15   Next: 78%
Magic:  16/16      EV: 14    Int:  8    God:    Trog [******]
Gold:   1313       SH: 16    Dex: 22    Spells: 14/14 levels left

rFire    . . .     SeeInvis .   X - +2 double sword (flame)
rCold    + . .     Gourm    .   w - +1 shield
rNeg     . . .     Faith    .   R - +2 plate armour {rC+}
rPois    +         Spirit   .   (helmet restricted)
rElec    .         Reflect  +   e - +2 cloak
rCorr    .         Harm     .   O - +0 pair of gloves
MR       +....     NoTele   +   (boots unavailable)
Stlth    ..........             Q - +3 amulet of reflection
HPRegen  0.26/turn              T - ring of poison resistance {rPois, !d}
MPRegen  0.15/turn              W - +6 ring of dexterity

@: flying quickly and evasively, quick
A: beak, talons 3, able to fly 2
a: Stop Flying, Berserk, Trog's Hand, Brothers in Arms, Renounce Religion


You were in a Gauntlet.
You worshipped Trog.
Trog was exalted by your worship.
You were not hungry.

You visited 3 branches of the dungeon, and saw 22 of its levels.
You also visited: Gauntlet.

You collected 1433 gold pieces.
You spent 120 gold pieces at shops.

Inventory:

Hand Weapons
 p - a +0 triple sword of freezing
   (You subdued it on level 5 of the Lair of Beasts)
 X - a +2 double sword of flaming (weapon)
   (You took it off Urug on level 12 of the Dungeon)
 Y - a +5 antimagic great sword
   (Trog gifted it to you on level 13 of the Dungeon)
Missiles
 b - 3 throwing nets {=f, !d}
Armour
 e - a +2 cloak (worn)
   (You found it on level 2 of the Dungeon)
 v - a scarf of resistance
   (You found it in a Gauntlet)
 w - a +1 shield (worn)
   (You found it on level 13 of the Dungeon)
 O - a +0 pair of gloves (worn)
   (You found it on level 13 of the Dungeon)
 R - a +2 plate armour of cold resistance (worn)
   (You found it on level 4 of the Lair of Beasts)
 S - +0 swamp dragon scales
   (You found it on level 6 of the Lair of Beasts)
Jewellery
 a - an uncursed amulet of rage {+Rage, !d}
   (You found it in a Gauntlet)
 s - an uncursed ring of resist corrosion
   (You found it on level 6 of the Lair of Beasts)
 Q - a +3 amulet of reflection (around neck)
   (You found it on level 3 of the Lair of Beasts)
 T - a ring of poison resistance (left hand) {rPois, !d}
   (You took it off an entropy weaver on level 12 of the Dungeon)
 W - a +6 ring of dexterity (right hand)
   (You took it off Urug on level 12 of the Dungeon)
Wands
 m - a wand of digging (6)
   (You found it on level 3 of the Dungeon)
 J - a wand of acid (12)
   (You found it on level 13 of the Dungeon)
 K - a wand of clouds (12)
   (You found it on level 1 of the Lair of Beasts)
Scrolls
 d - 9 scrolls of identify
 h - 6 scrolls of fog
 i - 5 scrolls of blinking {!r}
 j - 5 scrolls of magic mapping {!r}
 k - 5 scrolls of teleportation
 q - 3 scrolls of immolation {!r}
 r - 8 scrolls of remove curse
 E - 2 scrolls of fear
Potions
 f - 2 potions of degeneration {!q}
 g - 4 potions of brilliance
 l - 2 potions of mutation {unknown}
 n - 5 potions of magic
 t - 2 potions of ambrosia
 u - 3 potions of invisibility
 x - 6 potions of haste
 z - 4 potions of might
 A - 7 potions of flight
 B - 2 potions of agility
 C - 5 potions of heal wounds
 D - 9 potions of curing
 M - 2 potions of berserk rage {!q}
 N - a potion of lignification {!q}
Miscellaneous
 G - a lightning rod (4/4)
   (You found it on level 4 of the Lair of Beasts)
 L - a box of beasts
Comestibles
 c - 45 rations


   Skills:
 - Level 13.4 Fighting
 - Level 19.2 Long Blades
 - Level 11.2 Armour
 - Level 10.1 Dodging
 + Level 8.1 Shields


You had 14 spell levels left.
You didn't know any spells.
Your spell library was empty.

Dungeon Overview and Level Annotations

Branches:
Dungeon (15/15)            Temple (1/1) D:7            Lair (6/6) D:11
 Shoals (0/4) Lair:3        Snake (0/4) Lair:4        Slime (0/5) Lair:6
    Orc (0/2) D:11         Vaults (0/5) D:13         Depths (0/5) D:15

Altars:
Cheibriados
Dithmenos
Elyvilon
Fedhas
Gozag
Hepliaklqana
Kikubaaqudgha
Makhleb
Nemelex Xobeh
Okawaru
Qazlal
Ru
Sif Muna
Trog
Uskayaw
Vehumet
Wu Jian
Xom
Yredelemnul
The Shining One
Jiyva
Lugonu

Shops:
D:6 !

Annotations:
D:6 1 runed door
D:7 1 runed door, Kalere's ghost, novice OgFi
D:8 2 transporters, 3 exclusions, Heh's ghost, novice TeBe
D:11 2 transporters, fooot's ghost, journeyman SpEE
D:14 1 runed door, Heh's ghost, journeyman DsFi
Lair:6 exclusion: oklob plant Gauntlet 8 transporters, exclusion: orange crystal statue


Innate Abilities, Weirdness & Mutations

You have a beak for a mouth.
You have claws for feet.
You can fly continuously.


Message History

The yak snorts and paws the ground.
You block the two-headed hydra's attack. x2
You take 8 damage, and have 70/99 hp.
You hack one of the two-headed hydra's heads off!
The flame cauterises the wound!
You hit the one-headed hydra. You burn the one-headed hydra.
You claw the one-headed hydra. The one-headed hydra barely misses you.
You hack the one-headed hydra's last head off!
You kill the one-headed hydra!
Trog accepts your kill. You block the black mamba's attack.
You hit the black mamba. You burn the black mamba. You claw the black mamba.
You block the black mamba's attack. x2
You slice the black mamba!! You burn the black mamba. You claw the black mamba.
You peck the black mamba, but do no damage.
The black mamba bites you but does no damage. x2
You slice the black mamba!! You burn the black mamba.
You kill the black mamba!
Trog accepts your kill. The death scarab barely misses you.
You riposte.
You slash the death scarab! You burn the death scarab.
You claw the death scarab. Your peck misses the death scarab.
The death scarab bites you.
The death scarab draws strength from your injuries!
You block the death scarab's attack.
You take 5 damage, and have 66/99 hp.
You slice the death scarab!! You burn the death scarab!
You destroy the death scarab!
Trog accepts your kill.
Your Shields skill increases to level 8!
You slice the crocodile!! You burn the crocodile!
You kill the crocodile!
Trog accepts your kill.
You slice the yak!! You burn the yak.
You kill the yak!
Trog accepts your kill.
Things that are here:
a crocodile corpse; a black mamba corpse; a hydra corpse You butcher the crocodile corpse.
You feel yourself speed up.
o - 6 chunks of flesh {@w0}
Things that are here:
a crocodile skeleton; a black mamba corpse; a hydra corpse There isn't anything edible to butcher here.
There isn't anything edible to butcher here.
You start resting.
Health restored: 99 You see here a runed shortbow.
v - an embroidered scarf
There is a transporter here.
You enter the transporter and appear at another place.
The hell beast trumpets!
There is a transporter landing site here.
You can't go down here!
The crimson imp shouts!
The orange crystal statue glitters topaz in the dim dungeon light.
The orange crystal statue glitters topaz in the dim dungeon light.
Okay, then.
That's the wrong kind of item! (Use * to select it.)
You don't have any such object.
That's the wrong kind of item! (Use * to select it.)
Okay, then.
Unknown command.
Digging in that direction won't affect any walls.
A metal wall.
Digging in that direction won't affect any walls.
Okay, then.
Unknown command.
Digging in that direction won't affect any walls.
A crystal wall.
Digging in that direction won't affect any walls.
Okay, then.
Unknown command.
You start waiting.
All of the chunks of flesh in your inventory have rotted away.
Done waiting.
You start waiting.
Done waiting.
You start waiting.
You are feeling hungry.
Unknown command.
You start waiting.
Done waiting.
You eat one of the 46 rations.
That ration really hit the spot!
The iron imp shouts!
There is a transporter landing site here.
You can't go down here!
There is a transporter landing site here.
You can't go up here!
The crimson imp shouts!
Digging in that direction won't affect any walls.
A metal wall.
Okay, then.
Partly explored, unvisited transporter.
Partly explored, unvisited transporter.
Level annotation: 8 transporters, exclusion: orange crystal statue Welcome back, Firecrotchwizard the Tengu Berserker.
Trog says: Kill them all!
Level annotation: 8 transporters, exclusion: orange crystal statue Welcome back, Firecrotchwizard the Tengu Berserker.
Trog says: Kill them all!

#################################
.................................
....©...........@.©............©.
#################################
..........8⌠8....................
.................................
##########...###########..#######
..=.55[..#...#...)©=(..#..#..ZZZZ
.#.....#.#...#.#..8..#.#..#.##...
.##...##.#...#.##...##.#..#.#.###
..#####..#...#..#####..#..#..##.#


You could see an orange crystal statue.

Vanquished Creatures
  2 entropy weavers
  The ghost of Gaesaj the Basher, a journeyman MiFi of Makhleb (Lair:5)
  A fire dragon (Lair:6)
  Harold (D:7)
  5 hydras
  A death knight (D:13)
  3 centaur warriors
  3 catoblepae
  2 two-headed ogres
  A queen ant (D:11)
  4 death yaks (Lair:5)
  2 death scarabs (Gauntlet)
  Urug (D:12)
  A tengu warrior (D:12)
  3 dancing weapons
  Sonja (Lair:1)
  4 unseen horrors
  A swamp dragon (Lair:6)
  A lindwurm (Lair:5)
  Pikel (D:9)
  5 cyclopes
  11 ugly things
  A wolf spider (Lair:6)
  A manticore (D:14)
  3 centaur zombies (D:14)
  A guardian serpent (Lair:6)
  7 black mambas
  A torpor snail (Lair:4)
  2 elephants
  A merfolk siren (Lair:3)
  4 centaur skeletons
  A gargoyle (D:13)
  A kobold demonologist (D:14)
  11 komodo dragons
  18 spiny frogs
  A yaktaur (shapeshifter) (D:12)
  4 rime drakes
  A tengu conjurer (D:11)
  4 polar bears
  A troll (D:14)
  18 blink frogs
  3 hornets
  A slime creature (Gauntlet)
  11 hippogriffs
  3 redbacks (Lair:6)
  A shadow (D:10)
  31 yaks
  7 wraiths
  15 wyverns
  Grum (Lair:1)
  A hungry ghost (D:9)
  12 vampire mosquitoes
  Menkaure (D:7)
  2 nagas (Lair:4)
  24 soldier ants
  20 water moccasins
  An acid dragon (Lair:6)
  4 swamp drakes
  8 porcupines
  2 ice beasts
  9 orc warriors
  8 sky beasts
  A black bear (D:7)
  An eye of draining (D:10)
  A phantom (D:11)
  21 wolves
  7 ogres
  6 centaurs
  12 crocodiles
  2 big kobolds
  9 bullfrogs
  A wyvern zombie (D:13)
  A wyvern skeleton (D:13)
  5 scorpions
  14 wights
  8 howler monkeys
  6 crimson imps
  2 bullfrog zombies
  A quasit (D:10)
  7 hounds
  A bullfrog skeleton (D:8)
  9 orc priests
  5 jellies
  9 iguanas
  21 orc wizards
  4 hell rats (Lair:4)
  24 worker ants
  A hound skeleton (D:10)
  7 adders
  2 howler monkey skeletons
  6 river rats
  4 shadow imps
  3 oozes
  An adder skeleton (D:5)
  6 worms
  A dart slug (D:2)
  3 leopard geckos
  73 orcs
  10 bats
  2 giant cockroaches
  4 goblins
  9 hobgoblins
  23 jackals
  4 quokkas
  3 ball pythons
  7 frilled lizards
  15 kobolds
  A leopard gecko skeleton (D:5)
  2 quokka zombies
  12 rats
  3 plants
681 creatures vanquished.

Vanquished Creatures (collateral kills)
  3 hydras (Lair:4)
  A two-headed ogre (D:8)
  An elephant (Lair:5)
  7 blink frogs
  A bullfrog (Lair:5)
  A crimson imp (D:8)
  4 river rats (Lair:4)
  A rat (Lair:4)
19 creatures vanquished.

Vanquished Creatures (others)
  An orc wizard (D:9)
  An iguana (Lair:6)
  2 orcs (D:9)
  29 fungi
  48 plants
81 creatures vanquished.

Grand Total: 781 creatures vanquished

Notes
Turn   | Place    | Note
-------+----------+-------------------------------------------
     0 | D:1      | Firecrotchwizard the Tengu Berserker began the quest for
                  | the Orb.
     0 | D:1      | Reached XP level 1. HP: 14/14 MP: 2/2
   140 | D:1      | Reached XP level 2. HP: 19/19 MP: 3/3
   769 | D:2      | Reached XP level 3. HP: 16/23 MP: 4/4
   934 | D:2      | Reached skill level 4 in Long Blades
  1344 | D:2      | Reached ** piety under Trog
  1494 | D:2      | Found a glowing golden altar of the Shining One.
  1543 | D:2      | Reached XP level 4. HP: 28/28 MP: 5/5
  1558 | D:2      | HP: 7/28 [poisoned by an adder]
  1628 | D:2      | Reached skill level 3 in Dodging
  2236 | D:3      | Gained mutation: You can fly. [Tengu growth]
  2236 | D:3      | Reached XP level 5. HP: 12/33 MP: 6/6
  2237 | D:3      | Reached skill level 5 in Long Blades
  2409 | D:3      | Reached skill level 4 in Fighting
  2820 | D:3      | Reached XP level 6. HP: 38/38 MP: 7/7
  2825 | D:3      | Reached *** piety under Trog
  2833 | D:3      | Reached skill level 4 in Dodging
  2842 | D:3      | Reached skill level 6 in Long Blades
  3112 | D:4      | Found an opulent altar of Gozag.
  3255 | D:4      | Got a sheer robe
  3273 | D:4      | Identified the +1 robe "Cojaavub" {rElec rCorr} (You found
                  | it on level 4 of the Dungeon)
  3420 | D:4      | Found a deep blue altar of Sif Muna.
  3422 | D:4      | Found a sparkling altar of Nemelex Xobeh.
  3425 | D:4      | Found a sacrificial altar of Ru.
  3428 | D:4      | Found an ornate altar of the Wu Jian Council.
  3429 | D:4      | Found a burning altar of Makhleb.
  3537 | D:4      | Reached XP level 7. HP: 31/44 MP: 8/8
  3666 | D:5      | Entered Level 5 of the Dungeon
  3710 | D:5      | Reached skill level 7 in Long Blades
  3732 | D:5      | Reached skill level 5 in Fighting
  3732 | D:5      | Reached skill level 5 in Dodging
  3925 | D:5      | Found a radiant altar of Vehumet.
  4034 | D:5      | Reached XP level 8. HP: 49/49 MP: 9/9
  4115 | D:5      | Found an ancient bone altar of Kikubaaqudgha.
  4164 | D:5      | Noticed a +0 dagger
  4166 | D:5      | Found a hide-covered altar of Uskayaw.
  4166 | D:5      | Noticed a +0 dagger
  4221 | D:5      | Found a blossoming altar of Fedhas.
  4241 | D:5      | Reached skill level 8 in Long Blades
  4578 | D:6      | Found Sazutudgh's Distillery.
  4581 | D:6      | Bought a potion of haste for 120 gold pieces
  5083 | D:6      | Reached **** piety under Trog
  5430 | D:6      | Found a runed door.
  5458 | D:7      | Reached skill level 6 in Dodging
  5462 | D:7      | Reached skill level 6 in Fighting
  5582 | D:7      | Found a shimmering altar of Xom.
  5612 | D:7      | Found a basalt altar of Yredelemnul.
  5619 | D:7      | Found a staircase to the Ecumenical Temple.
  5631 | D:7      | Found a bloodstained altar of Trog.
  5676 | D:7      | Noticed Menkaure
  5686 | D:7      | Killed Menkaure
  5686 | D:7      | Reached skill level 9 in Long Blades
  5745 | D:7      | Noticed Harold
  5764 | Temple   | Entered the Ecumenical Temple
  5937 | D:7      | Noticed a hippogriff
  5943 | D:7      | Killed a hippogriff
  5943 | D:7      | Reached XP level 9. HP: 48/56 MP: 10/10
  5953 | D:7      | Killed Harold
  5953 | D:7      | Reached skill level 10 in Long Blades
  5953 | D:7      | Reached skill level 7 in Dodging
  6302 | D:7      | Noticed Kalere's ghost (novice OgFi)
  6317 | D:7      | Found a runed door.
  6323 | D:7      | Reached skill level 7 in Fighting
  6739 | D:8      | HP: 13/57 [ogre/+0 giant club (27)]
  7144 | D:8      | Found an iron altar of Okawaru.
  7171 | D:8      | Noticed Heh's ghost (novice TeBe)
  7185 | D:8      | Noticed a two-headed ogre
  7190 | D:8      | Killed a two-headed ogre
  7190 | D:8      | Reached skill level 11 in Long Blades
  7190 | D:8      | Reached XP level 10. HP: 63/63 MP: 11/11
  7284 | D:8      | Found a transporter.
  7287 | D:8      | Found a transporter.
  7471 | D:8      | Found a snail-covered altar of Cheibriados.
  7617 | D:8      | Reached skill level 8 in Dodging
  8050 | D:9      | Noticed Pikel
  8075 | D:9      | Killed Pikel
  8075 | D:9      | Reached skill level 8 in Fighting
  8713 | D:10     | Entered Level 10 of the Dungeon
  8736 | D:10     | Reached skill level 12 in Long Blades
  8812 | D:10     | Reached ***** piety under Trog
  9073 | D:10     | Reached skill level 9 in Dodging
  9107 | D:10     | HP: 12/65 [something (11)]
  9396 | D:10     | Killed an unseen horror
  9396 | D:10     | Reached XP level 11. HP: 20/69 MP: 12/12
  9694 | D:10     | Received a gift from Trog
  9694 | D:10     | Reached skill level 9 in Fighting
  9694 | D:10     | Reached skill level 13 in Long Blades
 10541 | D:11     | Noticed fooot's ghost (journeyman SpEE)
 10543 | D:11     | Found a transporter.
 10585 | D:11     | Noticed a cyan ugly thing
 10598 | D:11     | Killed a cyan ugly thing
 10769 | D:11     | Found a transporter.
 10836 | D:11     | Found a staircase to the Orcish Mines.
 11007 | D:11     | Found a staircase to the Lair.
 11344 | Lair:1   | Entered Level 1 of the Lair of Beasts
 11346 | Lair:1   | Noticed Sonja
 11355 | Lair:1   | Killed Sonja
 11355 | Lair:1   | Reached skill level 10 in Dodging
 11355 | Lair:1   | HP: 16/71 [poisoned by Sonja (curare-tipped needle)]
 11360 | Lair:1   | HP: 11/71 [poisoned by Sonja (curare-tipped needle)]
 11365 | D:11     | HP: 7/71 [poisoned by Sonja (curare-tipped needle)]
 11372 | D:11     | HP: 7/71 [poisoned by Sonja (curare-tipped needle)]
 11377 | D:11     | HP: 6/71 [poisoned by Sonja (curare-tipped needle)]
 11901 | Lair:1   | Reached skill level 3 in Armour
 11905 | Lair:1   | Reached skill level 14 in Long Blades
 12094 | Lair:1   | Noticed Grum
 12105 | Lair:1   | Killed Grum
 12573 | Lair:1   | Reached skill level 10 in Fighting
 12573 | Lair:1   | Reached XP level 12. HP: 68/77 MP: 13/13
 12574 | Lair:1   | Reached skill level 4 in Armour
 12871 | Lair:2   | Noticed a catoblepas
 12888 | Lair:2   | Killed a catoblepas
 13431 | Lair:2   | Reached skill level 5 in Armour
 14156 | Lair:3   | Reached skill level 15 in Long Blades
 14816 | Lair:3   | Got a polished rapier
 14817 | Lair:3   | Identified the +5 rapier of Pijockie {pierce, -Tele rN+
                  | Str+5} (You found it on level 3 of the Lair of Beasts)
 14881 | Lair:3   | HP: 15/79 [komodo dragon (21)]
 14882 | Lair:3   | Reached skill level 6 in Armour
 15278 | Lair:3   | Found a staircase to the Shoals.
 15728 | Lair:4   | Reached skill level 11 in Fighting
 16251 | Lair:4   | Found a staircase to the Snake Pit.
 16382 | Lair:4   | Noticed a five-headed hydra
 16386 | Lair:4   | Killed a five-headed hydra
 16386 | Lair:4   | Reached XP level 13. HP: 83/84 MP: 14/14
 16443 | Lair:4   | Reached skill level 16 in Long Blades
 16443 | Lair:4   | Reached skill level 7 in Armour
 16950 | Lair:4   | You fall through a shaft for 2 floors!
 16950 | Lair:6   | Entered Level 6 of the Lair of Beasts
 17700 | Lair:4   | Received a gift from Trog
 17804 | Lair:4   | Reached skill level 8 in Armour
 19122 | Lair:5   | Found a runed door.
 19122 | Lair:5   | Found a shimmering altar of Xom.
 19122 | Lair:5   | Noticed Gaesaj's ghost (journeyman MiFi)
 19165 | Lair:5   | Reached skill level 17 in Long Blades
 19360 | Lair:5   | Upgraded the game from 0.23-a0-512-g50a8178 to
                  | 0.23-a0-516-g0f8c245
 19751 | Lair:5   | Reached skill level 12 in Fighting
 20496 | Lair:6   | Reached skill level 9 in Armour
 20631 | Lair:6   | Gained mutation: You can fly continuously. [Tengu growth]
 20631 | Lair:6   | Reached XP level 14. HP: 82/92 MP: 15/15
 21181 | Lair:6   | Paralysed by a hornet for 3 turns
 21192 | Lair:6   | HP: 34/138 [poisoned by a spiny frog]
 21197 | Lair:6   | HP: 22/138 [poisoned by a spiny frog]
 21200 | Lair:6   | HP: 10/92 [poisoned by a spiny frog]
 21567 | Lair:6   | Found a shimmering altar of Xom.
 21884 | Lair:6   | Reached skill level 18 in Long Blades
 23087 | Lair:6   | Reached skill level 10 in Armour
 23286 | Lair:6   | Received a gift from Trog
 24679 | Lair:6   | Found a viscous altar of Jiyva.
 24680 | Lair:6   | Found a staircase to the Slime Pits.
 25374 | Lair:5   | Killed Gaesaj's ghost
 25675 | D:12     | Noticed an entropy weaver
 25931 | D:12     | Noticed an entropy weaver
 26183 | D:11     | Killed an entropy weaver
 26408 | D:12     | Reached skill level 13 in Fighting
 26415 | D:12     | Noticed Urug
 26665 | D:12     | Killed an entropy weaver
 27108 | D:12     | Reached XP level 15. HP: 83/98 MP: 16/16
 27176 | D:12     | Reached skill level 19 in Long Blades
 27184 | D:12     | Reached skill level 11 in Armour
 27536 | D:12     | Killed Urug
 27996 | D:13     | Received a gift from Trog
 28300 | D:13     | Found a shadowy altar of Dithmenos.
 28347 | D:13     | Upgraded the game from 0.23-a0-516-g0f8c245 to
                  | 0.23-a0-536-g5e0f5a2
 28505 | D:13     | Reached skill level 1 in Shields
 28725 | D:13     | Reached skill level 2 in Shields
 28750 | D:13     | HP: 17/99 [death knight/+0 great sword (25)]
 28751 | D:13     | Reached skill level 3 in Shields
 28751 | D:13     | HP: 3/99 [mirror damage (14)]
 29155 | D:13     | Found a gate to the Vaults.
 29213 | D:13     | Reached skill level 4 in Shields
 29573 | D:14     | Found a runed door.
 29573 | D:14     | Found a shimmering altar of Xom.
 29573 | D:14     | Noticed Heh's ghost (journeyman DsFi)
 29619 | D:14     | Reached skill level 5 in Shields
 30037 | D:14     | Reached skill level 6 in Shields
 30178 | D:14     | Reached ****** piety under Trog
 30336 | D:15     | Entered Level 15 of the Dungeon
 30336 | D:15     | Found a sparkling altar of Nemelex Xobeh.
 30352 | D:15     | Reached skill level 7 in Shields
 30505 | D:15     | Found a gate leading to a gauntlet.
 30552 | Gauntlet | Entered a Gauntlet
 30552 | Gauntlet | Found a transporter.
 30552 | Gauntlet | Found a transporter.
 30604 | Gauntlet | Found a transporter.
 30604 | Gauntlet | Found a transporter.
 30619 | Gauntlet | Found a transporter.
 30619 | Gauntlet | Found a transporter.
 30635 | Gauntlet | Found a transporter.
 30658 | Gauntlet | Found a transporter.
 30698 | Gauntlet | Found a transporter.
 30716 | Gauntlet | Found a transporter.
 30728 | Gauntlet | Found a transporter.
 30753 | Gauntlet | Found a transporter.
 30854 | Gauntlet | Reached skill level 8 in Shields
 31483 | Gauntlet | Upgraded the game from 0.23-a0-536-g5e0f5a2 to
                  | 0.23-a0-539-g3f6f39f
 31483 | Gauntlet | meem: I am meem, an upgrade of beem built by MalcolmRose
                  | (check out Malcolm's DCSS vids and other projects at
                  | http://youtube.com/malcolmrosegaming). To have me follow
                  | you in your games, type !subscribemeem - to make me go away
                  | forever, type !quitmeem - For help, type: !meem
 31483 | Gauntlet | Quit the game

Vault maps used:
D:1:      matt_arrival_refuge
D:2:      lemuel_crystal_altar
D:3:      first_ration
D:4:      grunt_temple_overflow_open, lexackson_kobold_supper
D:5:      fedhas_bush_and_centaur_altar, dancing_weapons_uskayaw,
          lemuel_round_altar, kiku_gazebo_garden_becter
D:6:      serial_shops, nicolae_shop_behind_doors, serial_glass,
          glass_columns_b, glass_columns_c, serial_park_tiny_2,
          uniq_crazy_yiuf_cottage
D:7:      yredelemnul_altar_generic, bloody_trog, old_standard_altar,
          temple_fountains, hellmonk_ghost_happy_afterlife,
          kennysheep_cross_bottleneck, uniq_harold, uniq_menkaure
D:8:      okawaru_metal_pillars_1_2, gammafunk_ghost_hive, cheibriados_altar_1
D:9:      nicolae_overflow_hidden_temple, uniq_pikel
D:11:     lair_entry_dummy, orc_0_dummy, gammafunk_ghost_mausoleum,
          grunt_tengu_nest, minmay_stone_trees_small
D:12:     minmay_bloctagon_deflated, zaba_anthell, uniq_urug
D:13:     erik_vaults_1, lemuel_tele_altar
D:14:     ebering_ghost_xom, serial_bayou_shore_b, minmay_misc_feat_nine_boxes
D:15:     hangedman_depths_entry_try_elsewhere_first, gauntlet_entry_generic,
          enter_trove_2, nemelex_xobeh_ov_fountains_minmay, uniq_nessos
Temple:   corrupted_temple
Lair:1:   beast_lair_carwin_large_1, uniq_grum, uniq_sonja
Lair:2:   beast_lair_carwin_2, serial_bayou_shore_a
Lair:3:   minmay_shoals_entry_lonely_mermaid, minmay_stone_trees_medium, pond,
          serial_bayou_shore_b
Lair:4:   guppyfry_snake_entry_island, st_stairs_10, kennysheep_abandoned_house
Lair:5:   beast_lair_carwin_large_4, ebering_ghost_xom,
          infiniplex_staircase_pool_2
Lair:6:   guppyfry_lair_end_dragon, hangedman_lair_tendril_chambers,
          dpeg_slime_entry_enclosed_altar, lemuel_oklob_altar
Gauntlet: gammafunk_gauntlet_branching

Skill      XL: |  1  2  3  4  5  6  7  8  9 10 11 12 13 14 15 |
---------------+----------------------------------------------+-----
Long Blades    | 4 5 6 7 9 11 12 14 15 17 18 19 | 19.2
Dodging        | 3 4 5 6 7 9 10 | 10.1
Fighting       | 4 5 6 7 8 10 11 12 13 | 13.4
Armour         | 3 6 9 10 11 | 11.2
Shields        | 8 |  8.1

Action                   |  1- 3 |  4- 6 |  7- 9 | 10-12 | 13-15 || total
-------------------------+-------+-------+-------+-------+-------++-------
Melee: Falchion          |    71 |   110 |       |       |       ||   181
       Kick              |    20 |    48 |    65 |   234 |   411 ||   778
       Peck              |    12 |    32 |    35 |   146 |   229 ||   454
       Long sword        |       |    21 |   163 |   210 |       ||   394
       Scimitar          |       |       |       |   263 |       ||   263
       Great sword       |       |       |       |   133 |   624 ||   757
       Double sword      |       |       |       |       |   252 ||   252
Invok: Berserk           |     1 |       |     1 |     3 |     3 ||     8
       Trog's Hand       |       |     1 |     2 |       |       ||     3
       Brothers in Arms  |       |       |     1 |     2 |     4 ||     7
 Abil: Fly               |       |       |       |       |     1 ||     1
Evoke: Wand              |       |       |       |     3 |    26 ||    29
       Lightning rod     |       |       |       |       |     1 ||     1
  Use: Potion            |       |     1 |       |     1 |     2 ||     4
       Scroll            |       |       |    10 |    16 |    12 ||    38
 Stab: Sleeping          |     1 |       |       |       |       ||     1
       Petrified         |       |       |       |     3 |       ||     3
       Petrifying        |       |       |       |     1 |       ||     1
       Distracted        |       |       |       |       |     1 ||     1
  Eat: Chunk             |     3 |     4 |    13 |    26 |    28 ||    74
       Ration            |       |     1 |       |     2 |     8 ||    11
Armor: Animal skin       |    14 |     5 |       |       |       ||    19
       Ring mail         |       |    45 |     7 |       |       ||    52
       Scale mail        |       |       |    36 |       |       ||    36
       Chain mail        |       |       |    13 |   218 |     3 ||   234
       Plate armour      |       |       |       |       |   206 ||   206
       Swamp dragon scal |       |       |       |       |    60 ||    60
Dodge: Dodged            |    55 |    98 |   106 |   316 |   442 ||  1017
Block: Other             |       |       |       |    12 |    56 ||    68
       Reflection        |       |       |       |     1 |     4 ||     5
       Shield            |       |       |       |       |   101 ||   101
       Rpst.: Falchion   |    22 |    24 |       |       |       ||    46
       Long sword        |       |     7 |    35 |    32 |       ||    74
       Scimitar          |       |       |       |    29 |       ||    29
       Great sword       |       |       |       |    18 |    94 ||   112
       Double sword      |       |       |       |       |    21 ||    21

Table legend:
 A = Non-vault XP
 B = Vault XP
 C = Vault XP percentage of total XP
 D = Non-vault monster count
 E = Vault monster count
 F = Vault count percentage of total count
                 A         B        C        D         E       F
            +---------+---------+-------+---------+---------+-------
      Total |   73719 |   46173 |  38.5 |     519 |     178 |  25.5
            +---------+---------+-------+---------+---------+-------
        D:1 |      34 |       0 |   0.0 |      21 |       0 |   0.0
        D:2 |     114 |       0 |   0.0 |      34 |       0 |   0.0
        D:3 |     393 |       0 |   0.0 |      23 |       0 |   0.0
        D:4 |      34 |     106 |  75.7 |      13 |       5 |  27.8
        D:5 |     738 |     112 |  13.2 |      15 |       1 |   6.2
        D:6 |     329 |       0 |   0.0 |      15 |       0 |   0.0
        D:7 |     726 |    1199 |  62.3 |      13 |       2 |  13.3
        D:8 |    1346 |       0 |   0.0 |      24 |       0 |   0.0
        D:9 |    1117 |     593 |  34.7 |      35 |       1 |   2.8
       D:10 |    4641 |       0 |   0.0 |      40 |       0 |   0.0
       D:11 |    1496 |    2924 |  66.2 |      22 |       7 |  24.1
       D:12 |    5656 |    8898 |  61.1 |      41 |      44 |  51.8
       D:13 |    8191 |    1808 |  18.1 |      45 |       2 |   4.3
       D:14 |   10630 |       0 |   0.0 |      42 |       0 |   0.0
       D:15 |    2363 |       0 |   0.0 |       4 |       0 |   0.0
     Lair:1 |    3458 |    2497 |  41.9 |      18 |      12 |  40.0
     Lair:2 |    2664 |     372 |  12.3 |      11 |       4 |  26.7
     Lair:3 |    3933 |    1290 |  24.7 |      16 |       8 |  33.3
     Lair:4 |    6203 |    1652 |  21.0 |      26 |      23 |  46.9
     Lair:5 |    8241 |    7992 |  49.2 |      26 |      15 |  36.6
     Lair:6 |   11412 |   12875 |  53.0 |      35 |      44 |  55.7
   Gauntlet |       0 |    3855 | 100.0 |       0 |      10 | 100.0
            +---------+---------+-------+---------+---------+-------

Vault maps used:
D:1:      matt_arrival_refuge
D:2:      lemuel_crystal_altar
D:3:      first_ration
D:4:      grunt_temple_overflow_open, lexackson_kobold_supper
D:5:      fedhas_bush_and_centaur_altar, dancing_weapons_uskayaw,
          lemuel_round_altar, kiku_gazebo_garden_becter
D:6:      serial_shops, nicolae_shop_behind_doors, serial_glass,
          glass_columns_b, glass_columns_c, serial_park_tiny_2,
          uniq_crazy_yiuf_cottage
D:7:      yredelemnul_altar_generic, bloody_trog, old_standard_altar,
          temple_fountains, hellmonk_ghost_happy_afterlife,
          kennysheep_cross_bottleneck, uniq_harold, uniq_menkaure
D:8:      okawaru_metal_pillars_1_2, gammafunk_ghost_hive, cheibriados_altar_1
D:9:      nicolae_overflow_hidden_temple, uniq_pikel
D:11:     lair_entry_dummy, orc_0_dummy, gammafunk_ghost_mausoleum,
          grunt_tengu_nest, minmay_stone_trees_small
D:12:     minmay_bloctagon_deflated, zaba_anthell, uniq_urug
D:13:     erik_vaults_1, lemuel_tele_altar
D:14:     ebering_ghost_xom, serial_bayou_shore_b, minmay_misc_feat_nine_boxes
D:15:     hangedman_depths_entry_try_elsewhere_first, gauntlet_entry_generic,
          enter_trove_2, nemelex_xobeh_ov_fountains_minmay, uniq_nessos
Temple:   corrupted_temple
Lair:1:   beast_lair_carwin_large_1, uniq_grum, uniq_sonja
Lair:2:   beast_lair_carwin_2, serial_bayou_shore_a
Lair:3:   minmay_shoals_entry_lonely_mermaid, minmay_stone_trees_medium, pond,
          serial_bayou_shore_b
Lair:4:   guppyfry_snake_entry_island, st_stairs_10, kennysheep_abandoned_house
Lair:5:   beast_lair_carwin_large_4, ebering_ghost_xom,
          infiniplex_staircase_pool_2
Lair:6:   guppyfry_lair_end_dragon, hangedman_lair_tendril_chambers,
          dpeg_slime_entry_enclosed_altar, lemuel_oklob_altar
Gauntlet: gammafunk_gauntlet_branching

Table legend:
 A = Turns spent in this place as a percentage of turns spent in the entire game.
 B = Non-inter-level travel turns spent in this place as a percentage of non-inter-level travel turns spent in the entire game.
 C = Inter-level travel turns spent in this place as a percentage of turns spent in this place.
 D = Turns resting spent in this place as a percentage of non-inter-level travel turns spent in this place.
 E = Turns spent auto-exploring this place as a percentage of non-inter-level travel turns spent in this place.
 F = Non-inter-level travel turns spent in this place divided by the number of levels of this place that you've seen.
                   A       B       C       D       E      F
               +-------+-------+-------+-------+-------+----------------------
         Total | 100.0 | 100.0 |   5.5 |  46.1 |  36.8 | 1292.9
       Dungeon |  53.3 |  52.5 |   7.0 |  40.3 |  42.0 | 1041.1
        Temple |   0.5 |   0.6 |   0.0 |  87.9 |   0.0 | 173.0
          Lair |  43.2 |  43.8 |   4.2 |  52.3 |  33.7 | 2169.3
      Gauntlet |   3.0 |   3.1 |   0.0 |  50.3 |   0.0 | 931.0
               +-------+-------+-------+-------+-------+----------------------

Table legend:
 A = Kills in this place as a percentage of kills in entire the game.
 B = Kills by you in this place as a percentage of kills by you in the entire game.
 C = Kills by friends in this place as a percentage of kills by friends in the entire game.
 D = Other kills in this place as a percentage of other kills in the entire game.
 E = Experience gained in this place as a percentage of experience gained in the entire game.
 F = Experience gained in this place divided by the number of levels of this place that you have seen.
                   A       B       C       D       E      F
               +-------+-------+-------+-------+-------+----------------------
         Total | 100.0 | 100.0 | 100.0 |   N/A | 100.0 | 5212.7
       Dungeon |  64.4 |  65.9 |  10.5 |   N/A |  44.6 | 3563.2
          Lair |  34.1 |  32.6 |  89.5 |   N/A |  52.2 | 10431.5
      Gauntlet |   1.4 |   1.5 |   0.0 |   N/A |   3.2 | 3855.0
               +-------+-------+-------+-------+-------+----------------------
